 Dungeon Crawl Stone Soup version 0.30-a0-696-g2367cd04db (webtiles) character file.

Game seed: 1774232375781051312

8316 holysushi the Slicer (level 11, -9/56 HPs)
             Began as a Vine Stalker Monk on Jan 21, 2023.
             Was a High Priest of Okawaru.
             Killed from afar by a gargoyle (15 damage)
             ... with a stone arrow
             ... on level 10 of the Dungeon.
             The game lasted 00:17:03 (9537 turns).

holysushi the Slicer (Vine Stalker Monk)            Turns: 9537, Time: 00:17:04

Health: -9/56      AC: 12    Str: 15    XL:     11   Next: 29%
Magic:  0/17       EV: 19    Int: 10    God:    Okawaru [*****.]
Gold:   801        SH:  0    Dex: 25    Spells: 16/16 levels left

rFire   . . .      SeeInvis +    L - +3 short sword
rCold   . . .      Faith    .    (no shield)
rNeg    . . .      Spirit   +    o - +2 animal skin
rPois   .          Reflect  .    Q - +2 hat of Kiso Utz {Dex+5}
rElec   .          Harm     .    j - +0 cloak
rCorr   .          Rampage  +    b - +1 pair of gloves "Suuma" {Rampage}
Will    ++...                    N - +2 pair of boots
Stlth   +++                      (no amulet)
HPRegen 1.09/turn                P - ring of willpower
MPRegen 0.15/turn                K - ring of see invisible

@: about to teleport, slowed, very slow
A: fangs 3, regeneration 1, magic shield, antimagic bite, no potion heal 2
a: Renounce Religion, Heroism, Finesse, Duel


You were on level 10 of the Dungeon.
You worshipped Okawaru.
Okawaru was extremely pleased with you.
You visited 2 branches of the dungeon, and saw 11 of its levels.
You also visited: Sewer.

You collected 1340 gold pieces.
You spent 539 gold pieces at shops.

Inventory:

Hand Weapons
 L - a +3 short sword (weapon)
Missiles
 H - a throwing net (quivered)
Armour
 b - the +1 pair of gloves "Suuma" (worn) {Rampage}
   (You bought it in a shop on level 3 of the Dungeon)

   Rampage:   It bestows one free step when moving towards enemies.
 j - a +0 cloak (worn)
 o - a +2 animal skin (worn)
 N - a +2 pair of boots (worn)
 Q - the +2 hat of Kiso Utz (worn) {Dex+5}
   (Okawaru gifted it to you on level 10 of the Dungeon)

   Dex:       It affects your dexterity (+5).
Jewellery
 r - a ring of wizardry
 C - a ring of positive energy
 F - a +6 ring of intelligence
 K - a ring of see invisible (right hand)
 P - a ring of willpower (left hand)
Wands
 l - a wand of polymorph (1)
 u - a wand of roots (9)
 D - a wand of quicksilver (5)
 G - a wand of flame (39)
Scrolls
 a - 2 scrolls of noise {unknown}
 e - 5 scrolls of teleportation
 g - 2 scrolls of magic mapping {unknown}
 m - 14 scrolls of identify
 q - 3 scrolls of fog
 t - a scroll of blinking
 v - a scroll of enchant armour {unknown}
 x - 2 scrolls of vulnerability {unknown}
 y - a scroll of silence {unknown}
 z - 2 scrolls of summoning
 I - a scroll of brand weapon {unknown}
 M - a scroll of fear {unknown}
Potions
 c - 4 potions of ambrosia
 d - 4 potions of lignification {unknown}
 f - 5 potions of curing
 h - 4 potions of heal wounds
 i - 3 potions of flight {unknown}
 k - 4 potions of brilliance {unknown}
 n - a potion of magic
 s - 2 potions of degeneration {unknown}
 A - a potion of might {unknown}
 E - a potion of haste {unknown}
 J - 3 potions of invisibility {unknown}
 O - a potion of mutation {unknown}
Miscellaneous
 B - a tin of tremorstones (2/2)


   Skills:
 - Level 6.0 Fighting
 - Level 10.0 Short Blades
 + Level 8.6 Dodging
 - Level 5.0 Stealth
 - Level 3.4 Spellcasting
 - Level 6.0 Invocations


You had 16 spell levels left.
You didn't know any spells.
Your spell library contained the following spells:

 Spells                   Type           Power      Damage    Failure   Level
 Magic Dart               Conj           4%         1d3       26%         1
 Slow                     Hex            4%         N/A       26%         1
 Searing Ray              Conj           2%         2d4       38%         2
 Sublimation of Blood     Necr           1%         N/A       38%         2
 Wereblood                Tmut           1%         N/A       38%         2
 Confusing Touch          Hex            1%         N/A       63%         3
 Frozen Ramparts          Ice            2%         1d1       63%         3
 Gell's Gravitas          Tloc           1%         N/A       63%         3
 Teleport Other           Tloc           1%         N/A       63%         3
 Vampiric Draining        Necr           1%         2d6       63%         3
 Cause Fear               Hex            0%         N/A       95%         4
 Fulminant Prism          Conj/Hex       0%         3d5       95%         4
 Ice Form                 Ice/Tmut       1%         N/A       95%         4
 Dispersal                Tloc           0%         N/A       100%        6
 Dragon Form              Tmut           0%         N/A       100%        7
 Summon Ice Beast         Ice/Summ       Unusable   N/A       N/A         4
 Summon Hydra             Summ           Unusable   N/A       N/A         7
 Dragon's Call            Summ           Unusable   N/A       N/A         9

Dungeon Overview and Level Annotations

Branches:
Dungeon (10/15) Zot: 26546  Temple (1/1) D:5 Zot: 5989   Sewer (visited)
   Lair: D:8-11         Orc: D:9-12

Altars:
Ashenzari
Cheibriados
Dithmenos
Elyvilon
Fedhas
Gozag
Hepliaklqana
Kikubaaqudgha
Makhleb
Nemelex Xobeh
Okawaru
Qazlal
Ru
Sif Muna
Trog
Uskayaw
Vehumet
Wu Jian
Xom
Yredelemnul
Zin
The Shining One

Shops:
D:3 [

Annotations:
D:2 1 runed translucent door, Crazy Yiuf


Innate Abilities, Weirdness & Mutations

You have razor-sharp teeth.
Your natural rate of healing is unusually fast.
When hurt, damage is shared between your health and your magic reserves.
Your bite disrupts and absorbs the magic of your enemies.
Potions cannot restore your health.


Message History

The gargoyle barely misses you. The wraith barely misses you.
The wraith closely misses you.
You hit the wraith but do no damage.
The wraith is lightly damaged.
You hit the wraith but do no damage.
The wraith is lightly damaged.
The gargoyle hurls a stone arrow at you.
The stone arrow hits you!! The wraith completely misses you.
The wraith hits you. The wraith drains your vigour!
You feel yourself slow down.
You are too injured to fight recklessly!
You are too injured to fight recklessly!
You are too injured to fight recklessly!
As you read the scroll of teleportation, it crumbles to dust.
You feel strangely unstable. The wraith closely misses you.
The wraith misses you.
The gargoyle hurls a stone arrow at you.
The stone arrow hits you! The wraith attacks as you move away!
The wraith hits you! The wraith drains your vigour!
You feel as though you will be slow longer.
The wraith closely misses you. The wraith misses you.
The gargoyle closely misses you. The wraith attacks as you move away!
The wraith hits you!
* * * LOW HITPOINT WARNING * * *
The wraith drains your vigour!
You feel as though you will be slow longer.
The gargoyle attacks as you move away! The gargoyle hits you with a +0 mace!
* * * LOW HITPOINT WARNING * * *
Okay, then.
Blink to where?
Press: ? - help, Dir - move target
As you read the scroll of blinking, it crumbles to dust.
Your surroundings suddenly seem different.
Found a scroll labelled JIFEIN RIJUNK.
As you read the scroll of teleportation, it crumbles to dust.
You feel strangely unstable.
The gargoyle hurls a stone arrow at you.
The stone arrow hits you!
You die...

.........## ##.
......).## ## .........##
##. # #.........###.. #.
##.........#... .###.#
##............ ......#
##...........(.
.......###..............
.......@#.?.............
........................
..........W.W...........
.......[......ยง.........
?..........9............
........................
........#..)............
.......###..............
##.............


You could see 2 wraiths and a gargoyle.

Vanquished Creatures
  2 two-headed ogres
  2 centaur zombies (D:10)
  Joseph (D:8)
  A troll (D:9)
  Grinder (D:5)
  2 hornets (D:9)
  13 yaks
  A wyvern (D:9)
  A vampire (D:9)
  A steam dragon (D:8)
  Menkaure (D:4)
  Duvessa (D:4)
  3 ice beasts
  A sky beast (D:3)
  2 orc warriors (D:9)
  7 centaurs
  2 ogres
  2 kobold brigands (D:8)
  2 bullfrogs
  3 wights (D:6)
  Dowan (D:4)
  2 howler monkeys
  3 hounds
  4 orc priests
  A jelly (D:5)
  5 iguanas
  Jessica (D:2)
  4 orc wizards
  A howler monkey zombie (D:10)
  Robin (D:2)
  8 gnolls
  14 adders
  4 river rats
  2 white imps
  3 ufetubi (D:5)
  A worm (D:2)
  3 dart slugs
  23 orcs
  5 ball pythons
  7 bats
  6 endoplasms
  6 giant cockroaches
  14 goblins
  9 hobgoblins
  6 jackals
  24 kobolds
  4 quokkas
  7 frilled lizards
  20 rats
238 creatures vanquished.

Notes
Turn   | Place    | Note
-------+----------+-------------------------------------------
     0 | D:1      | holysushi the Vine Stalker Monk began the quest for the
                  | Orb.
     0 | D:1      | Reached XP level 1. HP: 11/11 MP: 2/2
    75 | D:1      | Reached skill level 1 in Spellcasting
    86 | D:1      | Reached XP level 2. HP: 2/16 MP: 1/5
   820 | D:1      | Reached skill level 3 in Short Blades
   907 | D:1      | Reached XP level 3. HP: 18/19 MP: 5/7
  1553 | D:2      | Gained mutation: Your natural rate of healing is unusually
                  | fast. [Vine Stalker growth]
  1553 | D:2      | Reached XP level 4. HP: 22/23 MP: 8/8
  1561 | D:2      | Noticed Robin
  1578 | D:2      | Killed Robin
  1703 | D:2      | Found a runed translucent door.
  1704 | D:2      | Noticed Crazy Yiuf
  1742 | D:2      | Noticed Jessica
  1834 | D:2      | Killed Jessica
  2047 | D:2      | Reached XP level 5. HP: 27/27 MP: 8/10
  2402 | D:3      | Found a white marble altar of Elyvilon.
  2476 | D:3      | Reached skill level 4 in Short Blades
  2481 | D:3      | Found a broken altar of Ashenzari.
  2487 | D:3      | Found Ykear's Antique Armour Boutique.
  2657 | D:3      | Noticed a sky beast
  2757 | D:3      | Killed a sky beast
  2758 | D:3      | Reached XP level 6. HP: 32/33 MP: 9/12
  2825 | D:3      | Found a glowing drain.
  2832 | Sewer    | Entered a sewer
  3458 | D:3      | Reached XP level 7. HP: 35/37 MP: 13/13
  3676 | D:4      | Reached skill level 5 in Short Blades
  3698 | D:4      | Noticed Menkaure
  3718 | D:4      | Killed Menkaure
  3719 | D:4      | Reached skill level 5 in Stealth
  3915 | D:4      | Found a shimmering altar of Xom.
  4091 | D:4      | Identified a scroll of acquirement
  4091 | D:4      | Acquired 865 gold pieces
  4119 | D:3      | Bought a pair of faintly glowing gloves for 209 gold pieces
  4119 | D:3      | Identified the +1 pair of gloves "Suuma" {Rampage} (You
                  | bought it in a shop on level 3 of the Dungeon)
  4124 | D:3      | Bought a pair of embroidered boots for 165 gold pieces
  4129 | D:3      | Bought a pair of runed gloves for 165 gold pieces
  4190 | D:4      | Noticed Duvessa
  4190 | D:4      | Noticed Dowan
  4196 | D:4      | Killed Duvessa
  4197 | D:4      | Reached skill level 6 in Short Blades
  4213 | D:4      | Killed Dowan
  4380 | D:4      | Gained mutation: You have razor-sharp teeth. [Vine Stalker
                  | growth]
  4380 | D:4      | Reached XP level 8. HP: 42/42 MP: 14/14
  4461 | D:5      | Entered Level 5 of the Dungeon
  4602 | D:5      | Noticed Grinder
  4604 | D:5      | Paralysed by Grinder for 5 turns
  4621 | D:4      | Reached skill level 7 in Short Blades
  4678 | D:5      | Found a staircase to the Ecumenical Temple.
  4704 | Temple   | Entered the Ecumenical Temple
  4709 | Temple   | Became a worshipper of Warmaster Okawaru
  4709 | Temple   | Reached * piety under Okawaru
  4709 | Temple   | Reached ** piety under Okawaru
  5012 | D:5      | Reached skill level 1 in Invocations
  5342 | D:5      | Killed Grinder
  5583 | D:6      | Reached XP level 9. HP: 45/45 MP: 15/15
  5714 | D:6      | Reached skill level 8 in Short Blades
  5878 | D:6      | Reached *** piety under Okawaru
  6116 | D:6      | Found a glowing silver altar of Zin.
  6314 | D:7      | Reached skill level 5 in Dodging
  6486 | D:7      | Found an opulent altar of Gozag.
  7217 | D:8      | Reached skill level 9 in Short Blades
  7522 | D:8      | Found a shimmering blue altar of Sif Muna.
  7727 | D:8      | Noticed Joseph
  7741 | D:8      | Killed Joseph
  7937 | D:8      | Found a basalt altar of Yredelemnul.
  8016 | D:8      | Reached skill level 10 in Short Blades
  8177 | D:9      | Noticed a two-headed ogre
  8208 | D:9      | Killed a two-headed ogre
  8208 | D:9      | Reached **** piety under Okawaru
  8209 | D:9      | Reached skill level 5 in Fighting
  8209 | D:9      | Reached XP level 10. HP: 21/51 MP: 10/16
  8617 | D:9      | Reached ***** piety under Okawaru
  9014 | D:10     | Entered Level 10 of the Dungeon
  9017 | D:10     | Identified the +3 ring mail of Experimentation {Str+3}
  9074 | D:9      | Reached skill level 5 in Invocations
  9274 | D:10     | Reached XP level 11. HP: 56/56 MP: 17/17
  9334 | D:10     | Received a gift from Okawaru
  9386 | D:10     | Noticed a two-headed ogre
  9402 | D:10     | Killed a two-headed ogre
  9402 | D:10     | Identified the +2 hat of Kiso Utz {Dex+5} (Okawaru gifted
                  | it to you on level 10 of the Dungeon)
  9402 | D:10     | Received a gift from Okawaru
  9535 | D:10     | HP: 1/56 [gargoyle/+0 mace (13)]
  9537 | D:10     | Killed from afar by a gargoyle

Illustrated notes

Levels and vault maps discovered:
D:1:      wander_arrival_chamber, layout_basic, st_stairs_1
D:2:      layout_basic, kennysheep_generic_room_12, uniq_jessica, uniq_robin,
          uniq_crazy_yiuf_cottage
D:3:      layout_rooms, grunt_temple_overflow_open, serial_shops,
          nicolae_shop_advertising_works [nicolae_subvault_shop_adworks],
          gup_sewer_entry_bubbles
D:4:      layout_basic, mainiacjoe_overflow_alcove_4, serial_bayou_lagoon_a,
          roderic_roman_lattice, uniq_menkaure, uniq_duvessa
D:5:      layout_cave_pods, temple_green, grunt_ministairs_2, minmay_checkerbox,
          uniq_grinder
D:6:      layout_loops_cross, zin_statuary
D:7:      layout_cave_pods, nicolae_gozag_seed_capital
D:8:      layout_loops_corners, overflow_temple_1_default,
          mainiacjoe_overflow_alcove_2, uniq_joseph
D:9:      layout_long_grid, dk_noncrumbling_3
D:10:     layout_big_octagon, serial_undead, serial_undead_b, serial_undead_c,
          serial_undead_b, serial_undead_e, grunt_decor_clamped
Temple:   minmay_freezing_vapour_temple

Skill      XL: |  1  2  3  4  5  6  7  8  9 10 11 |
---------------+----------------------------------+-----
Spellcasting   | 1 2 3 |  3.4
Short Blades   | 3 4 6 7 10 | 10.0
Fighting       | 3 4 5 6 |  6.0
Stealth        | 3 5 |  5.0
Dodging        | 4 5 7 8 |  8.6
Invocations    | 2 3 5 6 |  6.0

Action                   |  1- 3 |  4- 6 |  7- 9 | 10-12 || total
-------------------------+-------+-------+-------+-------++-------
Melee: Short sword       |   125 |   334 |   476 |   280 ||  1215
       Bite              |    26 |    85 |   171 |   149 ||   431
       Punch             |     1 |     2 |    11 |     6 ||    20
  Use: Scroll            |       |     8 |     1 |     3 ||    12
 Stab: Sleeping          |     4 |     9 |    14 |     2 ||    29
Armor: Robe              |    28 |    10 |       |       ||    38
       Skin              |       |     3 |       |       ||     3
       Animal skin       |       |    78 |   150 |    82 ||   310
Dodge: Dodged            |    61 |   168 |   235 |   199 ||   663

Table legend: (Time is in decaauts)
 A = Elapsed time spent in this place.
 B = Non-inter-level travel time spent in this place.
 C = Inter-level travel time spent in this place.
 D = Time resting spent in this place.
 E = Time spent auto-exploring this place.
 F = Levels seen in this place.
 G = Mean time per level.
                   A        B        C        D        E       F      G
               +--------+--------+--------+--------+--------+-----+--------+
         Total |   9180 |   8668 |    512 |    272 |   5894 |  12 |  765.0 |
       Dungeon |   8755 |   8243 |    512 |    272 |   5677 |  10 |  875.5 |
        Temple |     10 |     10 |      0 |      0 |      0 |   1 |   10.0 |
         Sewer |    414 |    414 |      0 |      0 |    217 |   1 |  414.0 |
               +--------+--------+--------+--------+--------+-----+--------+

Top non-repeatable levels by time:
     D:2: 1314 daAuts
     D:9: 1082 daAuts
     D:1: 1069 daAuts
     D:7: 999 daAuts
     D:3: 854 daAuts
     D:8: 849 daAuts
     D:5: 830 daAuts
     D:4: 827 daAuts
     D:6: 703 daAuts
   Sewer: 414 daAuts
    D:10: 223 daAuts
  Temple: 10 daAuts
